 Dungeon Crawl Stone Soup version 0.31-a0-496-g6f97920a28 (webtiles) character file.

Game seed: 11673285314488788265

235 AstroCodex24 the Shield-Bearer (level 5, -1/41 HPs)
             Began as a Vampire Fighter on Aug 8, 2023.
             Slain by an ogre
             ... wielding a +0 giant spiked club
              (4 damage)
             ... on level 5 of the Dungeon.
             The game lasted 00:04:52 (1344 turns).

AstroCodex24 the Shield-Bearer (Vampire Fighter)    Turns: 1344, Time: 00:04:52

Health: -1/41      AC:  8    Str: 17    XL:     5   Next: 76%
Magic:  5/5        EV:  9    Int: 10    God:
Gold:   144        SH:  5    Dex: 14    Spells: 4/4 levels left

rFire   . . .        o - +2 trident (vamp)
rCold   . . .        c - +0 buckler
rNeg    . . .        b - +0 scale mail
rPois   .            (no helmet)
rElec   .            (no cloak)
rCorr   .            i - +0 pair of gloves
SInv    +            (no boots)
Will    .....        (no amulet) Stlth
                     (no ring)
HPRegen 0.46/turn    (no ring)
MPRegen 0.09/turn

%: no passive effects
@: healing quickly
A: alive, fangs 3, see invisible, vampiric 2
a: Exsanguinate


You were on level 5 of the Dungeon.
You visited 1 branch of the dungeon, and saw 5 of its levels.

You collected 144 gold pieces.

Inventory:

Hand Weapons
 a - a +0 war axe
 o - a +2 vampiric trident (weapon)
Armour
 b - a +0 scale mail (worn)
 c - a +0 buckler (worn)
 i - a +0 pair of gloves (worn)
Jewellery
 j - an amulet of reflection
Wands
 q - a wand of charming (12)
Scrolls
 e - 2 scrolls of poison {unknown}
 f - a scroll of vulnerability {unknown}
 g - a scroll of fear {unknown}
 h - 3 scrolls of teleportation {unknown}
 k - a scroll of identify {unknown}
Potions
 d - a potion of might
 l - a potion of brilliance {unknown}
 m - a potion of berserk rage {unknown}
 n - a potion of degeneration {unknown}
 p - a potion of lignification {unknown}
 r - a potion of heal wounds {unknown}


   Skills:
 + Level 3.3 Fighting
 + Level 2.7(3.1) Axes
 + Level 2.3(3.0) Polearms
 + Level 3.3 Armour
 + Level 0.7 Dodging
 + Level 0.6 Stealth
 + Level 3.4 Shields


You had 4 spell levels left.
You didn't know any spells.
Your spell library contained the following spells:

 Spells                   Type           Power      Damage    Failure   Level
 Anguish                  Hex/Necr       0%         N/A       100%        4
 Cause Fear               Hex            0%         N/A       100%        4
 Enfeeble                 Hex            0%         N/A       100%        7


Dungeon Overview and Level Annotations

Branches:
Dungeon (5/15)             Temple (0/1) D:4

Altars:
Cheibriados


Innate Abilities, Weirdness & Mutations

Your natural rate of healing is accelerated.
You have razor-sharp teeth.
You have supernaturally acute eyesight. (SInv)
You are afflicted with vampirism and can become a bat while bloodless.


Message History

The scorpion stings you. You block the scorpion's attack.
The howler monkey hoots and howls with incredible vigour!
You puncture the scorpion!
The scorpion is almost dead.
You block the scorpion's attack.
You hit the scorpion but do no damage.
The scorpion is almost dead.
The scorpion stings you.
The scorpion stings you but does no damage.
You closely miss the scorpion.
The scorpion is almost dead.
The scorpion stings you.
* * * LOW HITPOINT WARNING * * *
You are poisoned.
The scorpion poisons you!
You hit the scorpion.
You kill the scorpion!
You feel very sick.
You puncture the howler monkey!
You feel better.
You bite the howler monkey.
The howler monkey is almost dead.
You feel sick. The howler monkey hits you. x2
You hit the howler monkey.
You feel better.
You kill the howler monkey!
You feel sick.
An ogre comes into view. It is wielding a +0 giant spiked club.
Your base Polearms skill increases to level 2!
You feel sick.
Items here: $ )))) [ ††.
You feel sick.
The ogre hits you with a +0 giant spiked club!
* * * LOW HITPOINT WARNING * * *
You closely miss the ogre.
You feel sick.
You are no longer poisoned.
You puncture the ogre!
The ogre is heavily wounded.
The ogre hits you but does no damage.
You barely miss the ogre.
The ogre is heavily wounded.
The ogre hits you with a +0 giant spiked club.
You die...

# .### ...
..# #.##
########...#
#.....)@O#
#.######...#
#.# #### #.#
#.# #.# #.#
#.# #.# #
#.# #.# #.#
# #.#
#.###.# #


You could see an ogre.

Vanquished Creatures
  A scorpion (D:5)
  A howler monkey (D:5)
  An orc priest (D:5)
  A sleepcap (D:4)
  An iguana (D:5)
  An adder (D:2)
  3 dart slugs
  8 orcs
  4 ball pythons
  A giant cockroach (D:4)
  3 hobgoblins (D:1)
  3 kobolds
  A quokka (D:3)
  A bat (D:1)
  A frilled lizard (D:2)
  5 goblins
  2 rats (D:2)
38 creatures vanquished.

Notes
Turn   | Place    | Note
-------+----------+-------------------------------------------
     0 | D:1      | AstroCodex24 the Vampire Fighter began the quest for the
                  | Orb.
     0 | D:1      | Reached XP level 1. HP: 17/17 MP: 1/1
   145 | D:1      | Reached XP level 2. HP: 6/23 MP: 2/2
   386 | D:1      | You fall into a shaft and drop 1 floor!
   417 | D:2      | Found a snail-covered altar of Cheibriados.
   864 | D:2      | Gained mutation: You are afflicted with vampirism and can
                  | become a bat while bloodless. [Vampire growth]
   864 | D:2      | Reached XP level 3. HP: 26/28 MP: 3/3
  1024 | D:4      | Found a staircase to the Ecumenical Temple.
  1152 | D:4      | Reached XP level 4. HP: 32/35 MP: 4/4
  1196 | D:5      | Entered Level 5 of the Dungeon
  1320 | D:5      | Noticed a scorpion
  1325 | D:5      | Reached skill level 1 in Polearms
  1327 | D:5      | Reached XP level 5. HP: 19/41 MP: 5/5
  1339 | D:5      | Noticed an ogre
  1342 | D:5      | HP: 2/41 [poisoned by a scorpion]
  1344 | D:5      | Slain by an ogre

Illustrated notes

Levels and vault maps discovered:
D:1:      dpeg_arrival_shrine, layout_rooms, feat_on_display
D:2:      layout_basic, basic_altar, serial_shops, nicolae_diamond_shop,
          due_unseen_surprise
D:3:      layout_basic, zin_academy, uniq_natasha, uniq_crazy_yiuf_cottage
D:4:      layout_loops_corners, temple_doors_e, dreamdust_mushroom_princess,
          grunt_decor_arrowhead
D:5:      layout_loops_ring, kennysheep_mini, nicolae_qazlal_general_emergency

Skill      XL: |  1  2  3  4  5 |
---------------+----------------+-----
Axes           | 2 |  2.7
Shields        | 3 |  3.4
Fighting       | 3 |  3.3
Armour         | 3 |  3.3
Polearms       | 1 2 |  2.3
Dodging        | |  0.7
Stealth        | |  0.6

Action                     |  1- 3 |  4- 6 || total
---------------------------+-------+-------++-------
  Melee: War axe           |    61 |       ||    61
         Bite              |     5 |     6 ||    11
         Trident           |    20 |    54 ||    74
 Armour: Scale mail        |    51 |     7 ||    58
  Dodge: Dodged            |    47 |    19 ||    66
  Block: Buckler           |    30 |    11 ||    41

Table legend: (Time is in decaauts)
 A = Elapsed time spent in this place.
 B = Non-inter-level travel time spent in this place.
 C = Inter-level travel time spent in this place.
 D = Time resting spent in this place.
 E = Time spent auto-exploring this place.
 F = Levels seen in this place.
 G = Mean time per level.
                   A        B        C        D        E       F      G
               +--------+--------+--------+--------+--------+-----+--------+
         Total |   1391 |   1366 |     25 |      0 |      0 |   5 |  278.2 |
       Dungeon |   1391 |   1366 |     25 |      0 |      0 |   5 |  278.2 |
               +--------+--------+--------+--------+--------+-----+--------+

Top non-repeatable levels by time:
     D:2: 509 daAuts
     D:1: 403 daAuts
     D:4: 219 daAuts
     D:5: 156 daAuts
     D:3: 103 daAuts
